 Dungeon Crawl Stone Soup version 0.23.2-33-g5129a83184 (webtiles) character file.

Game seed: 7278539772378272325

33 psyvane the Caller (level 3, -1/20 HPs)
             Began as a Tengu Summoner on July 14, 2019.
             Slain by a hobgoblin (2 damage)
             ... on level 3 of the Dungeon.
             The game lasted 00:05:14 (1132 turns).

psyvane the Caller (Tengu Summoner)                 Turns: 1132, Time: 00:05:15

Health: -1/20      AC:  4    Str:  8    XL:     3   Next: 29%
Magic:  0/7        EV: 12    Int: 16    God:
Gold:   17         SH:  0    Dex: 14    Spells: 3/6 levels left

rFire    + . .     SeeInvis .   (no weapon)
rCold    . . .     Gourm    .   (no shield)
rNeg     . . .     Faith    .   a - +0 robe
rPois    .         Spirit   .   (helmet restricted)
rElec    .         Reflect  .   (no cloak)
rCorr    .         Harm     .   j - +1 pair of gloves
MR       .....                  (boots unavailable)
Stlth    ++........             (no amulet)
HPRegen  0.06/turn              (no ring)
MPRegen  0.10/turn              (no ring)

@: no status effects
A: beak, horns 1, talons 3, fire resistance 1, robust 1
a: no special abilities


You were on level 3 of the Dungeon.
You were near starving.

You visited 1 branch of the dungeon, and saw 3 of its levels.

You collected 17 gold pieces.

Inventory:

Armour
 a - a +0 robe (worn)
 j - a +1 pair of gloves (worn)
Scrolls
 h - a scroll of teleportation {unknown}
Potions
 i - a potion of might {unknown}
Comestibles
 c - a ration


   Skills:
 - Level 2.1 Dodging
 - Level 2.0 Stealth
 - Level 2.0 Spellcasting
 * Level 6.1 Summonings


You had 3 spell levels left.
You knew the following spells:

 Your Spells              Type           Power        Failure   Level  Hunger
a - Summon Small Mammal   Summ           ###.         1%          1    #......
b - Call Imp              Summ           ###.....     2%          2    ###....

Your spell library contained the following spells:

 Spells                   Type           Power        Failure   Level  Hunger
 Call Canine Familiar     Summ           ###.....     4%          3    ###....
 Summon Guardian Golem    Hex/Summ       ##......     19%         3    ###....
 Summon Ice Beast         Ice/Summ       ##......     52%         4    #####..
 Summon Lightning Spire   Summ/Air       ##......     52%         4    #####..


Dungeon Overview and Level Annotations

Branches:
Dungeon (3/15)

Altars:

Annotations:
D:2 Terence


Innate Abilities, Weirdness & Mutations

You have a beak for a mouth.
You have claws for feet.
You have a pair of small horns on your head.
Your flesh is heat resistant. (rF+)
You are robust. (+10% HP)


Message History

The hobgoblin hits you but does no damage.
Found a leather armour.
The leopard gecko bites your bat.
Your bat dies!
Your bat's corpse disappears in a puff of smoke!
You closely miss the hobgoblin. Your kick misses the hobgoblin.
The hobgoblin hits you.
* * * LOW HITPOINT WARNING * * *
The leopard gecko bites you.
* * * LOW HITPOINT WARNING * * *
Casting: Summon Small Mammal (safe; 1% risk of failure)
Confirm with . or Enter, or press ? or * to list all spells.
The hobgoblin hits you.
* * * LOW HITPOINT WARNING * * *
The leopard gecko closely misses you.
It was a potion of mutation.
You feel extremely strange. A pair of horns grows on your head!
You feel resistant to heat.
You feel robust. The hobgoblin hits you.
You die...

.. #< ..## #.
#...##.###
###....>.#####.
...............
.......<#
.....r..#######
.......lg.....#
.......@....###
........#####
.........
..###.##.# ..
#. .. #[ ### ##


You could see a leopard gecko, a hobgoblin and a friendly rat.

Vanquished Creatures
  A dart slug (D:1)
  A leopard gecko (D:1)
  2 goblins
  3 hobgoblins
  A kobold (D:2)
  2 bats (D:1)
  A frilled lizard (D:1)
  3 rats (D:1)
14 creatures vanquished.

Vanquished Creatures (collateral kills)
  An adder (D:2)
  An ooze (D:1)
  2 goblins
  3 hobgoblins
  2 kobolds (D:1)
  A frilled lizard (D:2)
  A rat (D:1)
11 creatures vanquished.

Grand Total: 25 creatures vanquished

Notes
Turn   | Place    | Note
-------+----------+-------------------------------------------
     0 | D:1      | psyvane the Tengu Summoner began the quest for the Orb.
     0 | D:1      | Reached XP level 1. HP: 10/10 MP: 4/4
    24 | D:1      | Reached skill level 5 in Summonings
   282 | D:1      | Reached XP level 2. HP: 15/15 MP: 3/6
   286 | D:1      | Learned a level 2 spell: Call Imp
   893 | D:2      | Reached XP level 3. HP: 19/19 MP: 0/7
   895 | D:2      | Noticed Terence
   910 | D:2      | Reached skill level 6 in Summonings
  1132 | D:3      | Gained mutation: You have a pair of small horns on your
                  | head. [potion of mutation]
  1132 | D:3      | Gained mutation: Your flesh is heat resistant. (rF+)
                  | [potion of mutation]
  1132 | D:3      | Gained mutation: You are robust. (+10% HP) [potion of
                  | mutation]
  1132 | D:3      | Slain by a hobgoblin

Skill      XL: |  1  2  3 |
---------------+----------+-----
Summonings     | 5 6 |  6.1
Dodging        | |  2.1
Stealth        | |  2.0
Spellcasting   | |  2.0

Action                   || total
-------------------------++-------
Melee: Unarmed           ||    61
       Peck              ||    11
       Kick              ||     9
 Cast: Summon Small Mamm ||    31
       Call Imp          ||     7
  Use: Scroll            ||     3
       Potion            ||     3
 Stab: Sleeping          ||     4
Armor: Robe              ||    20
Dodge: Dodged            ||    47
